cohdb
Replays
Latest Replays
All Replays
Popular Replays
Top Player Replays
Match Explorer
How It Works
Community
CoH3 Stats
Reddit
Sign in to upload your games and track your stats! →
Sign in with Steam
Match 42801537
Unlisted
Match 42801537
Overview
Messages
Build Orders
End
Construct Section Command Post
Vickers Machine Gun Team
Selects Heavy Armor Battlegroup
Vickers Machine Gun Team
Infantry Section
Infantry Section
ML 3-inch Mortar Team
Construct Platoon Command Post
Infantry Section
Selects Rigorous Vehicle Training
Selects Forward Repair Assembly
Selects UNKNOWN (2162094)
6-pounder Anti-tank Gun Team
Construct Company Command Post
Churchill IV Heavy Tank
Selects Light Vehicle Withdraw and Refit
Selects Radio Net
Selects Designate Targets
Infantry Section
Designate Targets
Churchill IV Heavy Tank
Infantry Section
Churchill IV Heavy Tank
Belisarius
der schnelle Blücher
tyrion2011
Dominik
beniu
XiTaM
0
0
Comments
sign in to comment!
No comments posted yet!